 Dungeon Crawl Stone Soup version 0.28.0-53-g5a82cb258f (webtiles) character file.

Game seed: 16194368196173731943

77 cbfl8 the Chopper (level 4, -4/41 HPs)
             Began as a Minotaur Berserker on July 30, 2022.
             Was a Believer of Trog.
             Killed by divine providence
             ... invoked by an orc priest
              (10 damage)
             ... on level 3 of the Dungeon on July 31, 2022.
             The game lasted 00:02:07 (1958 turns).

cbfl8 the Chopper (Minotaur Berserker)              Turns: 1958, Time: 00:02:08

Health: -4/41      AC:  9    Str: 22    XL:     4   Next: 14%
Magic:  3/3        EV:  8    Int:  4    God:    Trog [**....]
Gold:   65         SH:  0    Dex: 11    Spells: 3/3 levels left

rFire   . . .      SeeInvis .   a - +0 hand axe
rCold   . . .      Faith    .   (no shield)
rNeg    . . .      Spirit   .   l - +0 chain mail
rPois   .          Reflect  .   (helmet restricted)
rElec   .          Harm     .   (no cloak)
rCorr   .          Rampage  .   (no gloves)
Will    .....                   (no boots)
Stlth   ..........              (no amulet)
HPRegen 0.13/turn               k - ring of flight
MPRegen 0.08/turn               (no ring)

@: lethally poisoned (-4 -> -10), about to teleport, flying
A: horns 2, retaliatory headbutt
a: Renounce Religion, Berserk, Trog's Hand


You were on level 3 of the Dungeon.
You worshipped Trog.
Trog was pleased with you.
You visited 1 branch of the dungeon, and saw 3 of its levels.

You collected 65 gold pieces.

Inventory:

Hand Weapons
 a - a +0 hand axe (weapon)
Armour
 b - a +0 animal skin
 l - a +0 chain mail (worn)
Jewellery
 k - a ring of flight (left hand)
Scrolls
 f - a scroll of fog
 g - a scroll of immolation
 h - a scroll of enchant armour
 i - a scroll of vulnerability
 j - a scroll of silence {unknown}


   Skills:
 * Level 4.4 Fighting
 * Level 4.8 Axes
 + Level 2.8 Armour
 * Level 2.7 Dodging
 + Level 0.3 Stealth
 * Level 0.1 Evocations


You had 3 spell levels left.
You didn't know any spells.
Your spell library was empty.

Dungeon Overview and Level Annotations

Branches:
Dungeon (3/15)

Altars:

Shops:
D:1 [


Innate Abilities, Weirdness & Mutations

You have a pair of horns on your head.
You reflexively headbutt those who attack you in melee.


Message History

You hear an angry hiss. x2; You hear a shout!
There are monsters nearby!
An orc priest, an adder and a ball python come into view.
The orc priest shouts!
The adder hisses angrily.
The ball python hisses angrily.
There are monsters nearby!
An orc comes into view. It is wielding a +0 hand axe.
Found a dagger.
The orc shouts!
A goblin comes into view. It is wielding a +0 spear.
The adder bites you but does no damage.
There are monsters nearby!
You completely miss the orc. You hit the adder.
The orc priest invokes the aid of Beogh against you.
Beogh smites you! The orc hits you with a +0 falchion.
The adder bites you but does no damage. The orc hits you but does no damage.
There are monsters nearby!
You hit the adder. Your headbutt misses the adder.
The adder is severely wounded.
You hit the orc. x2
The orc priest mumbles some strange prayers to Beogh against you.
Beogh smites you!
* * * LOW HITPOINT WARNING * * *
The orc hits you with a +0 falchion.
* * * LOW HITPOINT WARNING * * *
The adder bites you but does no damage. The orc hits you but does no damage.
Okay, then.
It was a potion of flight.
You feel more buoyant. The adder barely misses you.
The orc completely misses you. You furiously retaliate!
You headbutt the orc. The orc barely misses you.
Okay, then.
As you read the scroll of teleportation, it crumbles to dust.
You feel strangely unstable. The adder bites you.
* * * LOW HITPOINT WARNING * * *
You are lethally poisoned!
The adder poisons you!
The orc priest calls down the wrath of Beogh upon you.
Beogh smites you!
You die...

.. .............†
##..#
####....#####
#...# ##...#.####
#.#.#
#...##....##
#...#
###.#.#####..#
#####...###...#.#
##..
........#...###.#
##...
..........### ..#
#.... .....Ko@###
### #....
......oS.# #....
.....So#o.. #....
...)... .....
###.... .....g.
....... .......
....... .....##
###.... .###...
...).# ##....
...# ##....
#..>.. #.....


You could see an orc priest, an adder, 3 orcs, a goblin, a ball python and a
kobold.

Vanquished Creatures
  2 adders (D:2)
  A dart slug (D:1)
  6 ball pythons
  6 bats
  6 endoplasms
  3 giant cockroaches
  7 goblins
  4 hobgoblins
  6 quokkas
  4 kobolds (D:1)
  4 rats
49 creatures vanquished.

Notes
Turn   | Place    | Note
-------+----------+-------------------------------------------
     0 | D:1      | cbfl8 the Minotaur Berserker began the quest for the Orb.
     0 | D:1      | Reached XP level 1. HP: 19/19 MP: 0/0
   105 | D:1      | Reached XP level 2. HP: 27/27 MP: 1/1
   685 | D:1      | Reached ** piety under Trog
   809 | D:1      | Reached XP level 3. HP: 33/33 MP: 2/2
  1024 | D:1      | Found Poduk's Armour Boutique.
  1596 | D:2      | Reached XP level 4. HP: 41/41 MP: 3/3
  1958 | D:3      | Killed from afar by an orc priest

Illustrated notes

Levels and vault maps discovered:
D:1:      dpeg_arrival_arbitrary_a, layout_loops_ring, serial_shops, shop
D:2:      layout_basic
D:3:      layout_rooms, dreamdust_ecumenical_altar_angels_and_demons,
          uniq_jessica

Skill      XL: |  1  2 |
---------------+-------+-----
Fighting       | 4 |  4.4
Axes           | 4 |  4.8
Armour         | |  2.8
Dodging        | |  2.7
Stealth        | |  0.3
Evocations     | |  0.1

Action                   |  1- 3 |  4- 6 || total
-------------------------+-------+-------++-------
Melee: Hand axe          |    88 |     5 ||    93
       Headbutt          |    14 |       ||    14
  Use: Scroll            |       |     6 ||     6
       Potion            |       |     1 ||     1
 Stab: Sleeping          |     2 |       ||     2
Armor: Animal skin       |    10 |       ||    10
       Chain mail        |       |    10 ||    10
Dodge: Dodged            |    50 |     6 ||    56
